 Dungeon Crawl Stone Soup version 0.30-a0-782-ge64f9170bb (webtiles) character file.

Game seed: 17883383500449592039

1573 112233 the Conjurer (level 8, -16/53 (55) HPs)
             Began as an Octopode Conjurer on Feb 25, 2023.
             Was an Initiate of Gozag.
             Shot with a sling bullet by Joseph (19 damage)
             ... on level 7 of the Dungeon.
             The game lasted 00:10:21 (9255 turns).

112233 the Conjurer (Octopode Conjurer)             Turns: 9255, Time: 00:10:21

HP:   -16/53 (55)   AC:  1    Str:  4    XL:     8   Next: 90%
MP:   15/15         EV: 14    Int: 22    God:    Gozag
Gold: 307           SH:  0    Dex: 11    Spells: 6/17 levels left

rFire   . . .      SeeInvis .    e - +1 whip (elec)
rCold   . . .      Faith    .    (no shield)
rNeg    . . .      Spirit   .    (helmet restricted)
rPois   .          Reflect  .    (no amulet)
rElec   .          Harm     .    (no ring)
rCorr   .          Rampage  .    (no ring)
Will    .....                    (no ring)
Stlth   +++                      (no ring)
HPRegen 0.28/turn                (no ring)
MPRegen 0.14/turn                (no ring)
                                 (no ring)
                                 (no ring)

@: about to teleport, weak-willed, lightly drained
A: almost no armour, amphibious, 8 rings, camouflage 1, gelatinous body 1,
(nimble swimmer 1), tentacles, tentacle spike 1, weak 1
a: Renounce Religion, Potion Petition, Call Merchant, Bribe Branch


You were on level 7 of the Dungeon.
You worshipped Gozag.
Gozag was aware of your devotion.
You visited 2 branches of the dungeon, and saw 9 of its levels.
You also visited: Bailey.

You collected 733 gold pieces.
You paid 426 gold pieces to Gozag.

Inventory:

Hand Weapons
 d - a +0 club
 e - a +1 whip of electrocution (weapon)
 y - a +4 halberd of electrocution
Missiles
 o - 5 curare-tipped darts
Jewellery
 i - a ring of protection from cold
 k - an amulet of magic regeneration
Wands
 r - a wand of digging (7)
Scrolls
 a - 5 scrolls of noise {unknown}
 b - a scroll of magic mapping
 f - 3 scrolls of amnesia
 g - 4 scrolls of identify {unknown}
 h - 4 scrolls of teleportation
 j - a scroll of blinking {unknown}
 l - 2 scrolls of vulnerability
 p - a scroll of immolation {unknown}
 q - a scroll of poison {unknown}
 s - a scroll of acquirement {unknown}
Potions
 c - a potion of brilliance
 m - a potion of attraction {unknown}
 n - 2 potions of berserk rage {unknown}
 t - a potion of resistance
 u - a potion of mutation
 v - a potion of magic
 w - 5 potions of haste {unknown}
 x - 2 potions of heal wounds {unknown}
 z - a potion of cancellation {unknown}
 A - 2 potions of might {unknown}
 B - a potion of invisibility


   Skills:
 + Level 5.1 Fighting
 + Level 5.7 Dodging
 - Level 3.0 Stealth
 + Level 5.2 Spellcasting
 + Level 6.7 Conjurations


You had 6 spell levels left.
You knew the following spells:

 Your Spells              Type           Power      Damage    Failure   Level
a - Magic Dart            Conj           100%       1d8       1%          1
b - Searing Ray           Conj           70%        2d7       1%          2
c - Fulminant Prism       Conj/Hex       10%        3d8       24%         4
d - Iskenderun's Mystic   Conj/Tloc      20%        2d6       24%         4

Your spell library contained the following spells:

 Spells                   Type           Power      Damage    Failure   Level
 Foxfire                  Conj/Fire      80%        2x1d8     2%          1
 Dazzling Flash           Conj/Hex       40%        N/A       8%          3
 Beastly Appendage        Tmut           10%        N/A       10%         1
 Wereblood                Tmut           5%         N/A       16%         2
 Kindle Blastsparks       Fire/Tloc/Air  10%        2d10      30%         3
 Spider Form              Tmut/Pois      5%         N/A       30%         3
 Vhi's Electric Charge    Tloc/Air       10%        N/A       30%         3
 Arcjolt                  Conj/Air       10%        1d20      56%         5
 Fireball                 Conj/Fire      10%        3d6       56%         5
 Lee's Rapid Deconstruct  Erth           2%         3d5*      95%         5
 Starburst                Conj/Fire      10%        6d5       98%         6
 Maxwell's Capacitive Co  Air            2%         ∞         100%        8


Dungeon Overview and Level Annotations

Branches:
Dungeon (8/15)             Temple (1/1) D:5          Bailey (visited)
   Lair: D:8-11

Altars:
Ashenzari
Cheibriados
Dithmenos
Elyvilon
Fedhas
Gozag
Hepliaklqana
Kikubaaqudgha
Makhleb
Nemelex Xobeh
Okawaru
Sif Muna
Trog
Uskayaw
Wu Jian
Xom
Yredelemnul
Zin

Shops:
D:2 (?[!   D:7 [

Annotations:
D:7 2 transporters, exclusions: downstairs, ice statue and upstairs, Joseph; Moufas's ghost, novice MiGl


Innate Abilities, Weirdness & Mutations

You cannot wear most types of armour.
You are amphibious.
You can wear up to eight rings at the same time.
Your skin changes colour to match your surroundings (Stealth+).
Your rubbery body absorbs attacks. (AC +1, EV +1)
((You are camouflaged when in or above water. (Stealth+)))
You have tentacles for arms and can constrict up to eight enemies at once.
One of your tentacles bears a spike.
You are weak. (Str -2)


Message History

As you read the scroll labelled PENERU CIJOL, it crumbles to dust.
It is a scroll of amnesia.
Really abort (and waste the scroll)?
Okay, then.
Joseph shoots a sling bullet.
The sling bullet misses you.
Unknown command.
As you read the scroll labelled MEVVOPIWYF, it crumbles to dust.
You feel aware of your surroundings.
It was a scroll of magic mapping.
Joseph shoots a sling bullet.
The sling bullet hits you! The sling bullet freezes you.
Unknown command.
As you read the scroll labelled VIADOE UDOEG, it crumbles to dust.
Magic quickly surges around you.
It was a scroll of vulnerability.
Unknown command.
Okay, then.
As you read the scroll labelled TAFERUIFEA, it crumbles to dust.
You feel strangely unstable.
It was a scroll of teleportation.
Joseph shoots a sling bullet.
The sling bullet closely misses you.
Unknown command.
Joseph shoots a sling bullet.
The sling bullet barely misses you.
Joseph shoots a sling bullet.
The sling bullet barely misses you.
Your surroundings seem slightly different.
Joseph unwields a +1 sling of freezing.
Joseph wields a +0 quarterstaff.
Joseph closely misses you.
As you read the scroll of teleportation, it crumbles to dust.
You feel strangely unstable.
Unknown command.
Joseph attacks as you move away! Joseph barely misses you.
Joseph unwields a +0 quarterstaff.
Joseph wields a +1 sling of freezing.
It is covered in frost.
Joseph shoots a sling bullet.
The sling bullet hits you!!
* * * LOW HITPOINT WARNING * * *
The sling bullet freezes you.
* * * LOW HITPOINT WARNING * * *
It was a potion of mutation.
You feel extremely strange.
You feel agile.
You feel clumsy.
You feel weaker.
One of your lower tentacles grows a sharp spike.
Joseph shoots a sling bullet.
The sling bullet hits you!!
You die...
Your body crumbles into a pile of gold.

..#.......#..........#
..#.......#..........#
#....._.............##
.##.......#..#.....##
.##.......##########
..#.......#
#.####.###############
#..#.#......##.......#
##...##.........@....#
##...#..######@......#
.......##............#
.#........####.?.....#
.#..##.#.## #.......#
....##.#.### #######.#####
###.#..#...### #.....#
###.#.####...########..#.#
#.(.......#..............#


You could see Joseph (weak-willed).

Vanquished Creatures
  Grinder (D:4)
  2 orc warriors
  A phantom (D:5)
  A bullfrog (D:7)
  A gnoll sergeant (D:7)
  A wight (D:8)
  An electric eel (D:7)
  A jelly (D:5)
  2 hounds (D:6)
  3 orc priests
  Jessica (D:3)
  4 iguanas
  Ijyb (D:5)
  Terence (D:3)
  2 orc wizards (D:7)
  30 gnolls
  3 adders
  A white imp (D:5)
  An ufetubus (D:5)
  2 worms (D:2)
  A dart slug (D:3)
  27 orcs
  13 ball pythons
  3 bats
  9 endoplasms
  3 giant cockroaches
  7 goblins
  7 hobgoblins
  3 jackals (D:1)
  10 kobolds
  4 quokkas
  2 frilled lizards (D:2)
  3 rats
152 creatures vanquished.

Vanquished Creatures (others)
  A fulminant prism (D:8)
1 creature vanquished.

Grand Total: 153 creatures vanquished

Notes
Turn   | Place    | Note
-------+----------+-------------------------------------------
     0 | D:1      | 112233 the Octopode Conjurer began the quest for the Orb.
     0 | D:1      | Reached XP level 1. HP: 11/11 MP: 3/3
   129 | D:1      | Reached XP level 2. HP: 15/17 MP: 0/5
   522 | D:1      | Reached XP level 3. HP: 22/22 MP: 4/6
   525 | D:1      | Learned a level 2 spell: Searing Ray
   837 | D:2      | Found Lofrenia's Distillery.
  1167 | D:2      | Found Soggiust's Armour Boutique.
  1219 | D:2      | Reached skill level 1 in Fighting
  1420 | D:2      | Found Fuhor's Antique Weapon Shop.
  1422 | D:2      | Reached XP level 4. HP: 28/28 MP: 5/7
  1814 | D:2      | Found Feyss's Magic Scroll Emporium.
  2213 | D:3      | Noticed Terence
  2224 | D:3      | Killed Terence
  2225 | D:3      | Reached XP level 5. HP: 31/34 MP: 1/9
  2298 | D:3      | Noticed Jessica
  2303 | D:3      | Killed Jessica
  2337 | D:3      | Found a shimmering blue altar of Sif Muna.
  3298 | D:4      | Found a shimmering altar of Xom.
  3298 | D:4      | Found a shimmering altar of Xom.
  3299 | D:4      | Found a shimmering altar of Xom.
  3301 | D:4      | Found a shimmering altar of Xom.
  3572 | D:4      | Noticed Grinder
  3589 | D:4      | Killed Grinder
  3590 | D:4      | Reached skill level 5 in Conjurations
  3590 | D:4      | Reached XP level 6. HP: 12/42 MP: 1/11
  3791 | D:4      | Found an ancient bone altar of Kikubaaqudgha.
  3985 | D:4      | Found a snail-covered altar of Cheibriados.
  4127 | D:4      | Found a basalt altar of Yredelemnul.
  4275 | D:4      | Reached XP level 7. HP: 38/46 MP: 6/12
  4447 | D:5      | Entered Level 5 of the Dungeon
  4802 | D:4      | Learned a level 4 spell: Fulminant Prism
  4807 | D:4      | Learned a level 4 spell: Iskenderun's Mystic Blast
  5474 | D:5      | Noticed Ijyb
  5594 | D:5      | Found a staircase to the Ecumenical Temple.
  5603 | D:5      | Killed Ijyb
  5612 | Temple   | Entered the Ecumenical Temple
  5717 | Temple   | Became a worshipper of Gozag Ym Sagoz the Greedy
  6623 | D:7      | Found a transporter.
  6641 | D:7      | Found a transporter.
  6648 | D:7      | Noticed a hornet
  6691 | D:7      | Noticed Moufas's ghost (novice MiGl)
  6707 | D:7      | Noticed a two-headed ogre
  6713 | D:7      | Noticed an ice statue
  6754 | D:7      | Found a hide-covered altar of Uskayaw.
  6905 | D:7      | Reached XP level 8. HP: 54/54 MP: 3/14
  6913 | D:7      | Reached skill level 6 in Conjurations
  6922 | D:7      | Reached skill level 5 in Dodging
  7270 | D:7      | Found Jycede's Armour Emporium.
  7366 | D:7      | Noticed Joseph
  7509 | D:8      | Found a flagged portal.
  7519 | Bailey   | Entered a bailey
  8049 | Bailey   | Reached skill level 5 in Spellcasting
  8806 | D:8      | Reached skill level 5 in Fighting
  9255 | D:7      | Gained mutation: You are agile. (Dex +4, Str/Int -1)
                  | [potion of mutation]
  9255 | D:7      | Lost mutation: You are agile. (Dex +4, Str/Int -1) [potion
                  | of mutation]
  9255 | D:7      | Gained mutation: You are weak. (Str -2) [potion of
                  | mutation]
  9255 | D:7      | Gained mutation: One of your tentacles bears a spike.
                  | [potion of mutation]
  9255 | D:7      | Shot with a sling bullet by Joseph

Illustrated notes

Levels and vault maps discovered:
D:1:      lemuel_arrival_hallway, layout_rooms, minmay_shallow_snake_nest
D:2:      layout_basic, serial_shops, nicolae_shop_statue_plus, shop_scrolls,
          nicolae_shop_crystal, shop, chequers_serial_rivers_room_b,
          chequers_serial_rivers_micro_d
D:3:      layout_rooms, tgw_sif, minivault_24, uniq_terence
D:4:      layout_basic, xom_redecorated, cheibriados_altar_1,
          mainiacjoe_overflow_surrounded_room, lemuel_crystal_altar,
          uniq_grinder
D:5:      layout_cave_pools, temple_green, uniq_ijyb
D:6:      layout_layer_cave, grunt_ministairs_9
D:7:      layout_rooms, nicolae_uskayaw_murder_on_the_dancefloor,
          nzn_ghost_randoct, nicolae_inconvenience_store, uniq_joseph
D:8:      layout_basic, nicolae_qazlal_general_emergency,
          due_lair_maze_entry_diamond, chequers_ossuary_entry_cave,
          enter_bailey_4
Temple:   nicolae_temple_ecumenical_triangle

Skill      XL: |  1  2  3  4  5  6  7  8 |
---------------+-------------------------+-----
Stealth        | 3 |  3.0
Fighting       | 1 3 4 5 |  5.1
Dodging        | 3 4 5 |  5.7
Spellcasting   | 3 4 5 |  5.2
Conjurations   | 5 6 |  6.7

Action                     |  1- 3 |  4- 6 |  7- 9 || total
---------------------------+-------+-------+-------++-------
  Melee: Unarmed           |     6 |       |       ||     6
         Tentacles         |     6 |     1 |     6 ||    13
         Constrict         |     8 |     1 |     3 ||    12
         Club              |    12 |       |       ||    12
         Whip              |    10 |     7 |    18 ||    35
   Cast: Magic Dart        |    66 |    87 |    55 ||   208
         Searing Ray       |       |     9 |    48 ||    57
         Iskenderun's Myst |       |       |     1 ||     1
         Fulminant Prism   |       |       |     1 ||     1
 Invoke: Potion Petition   |       |       |     1 ||     1
  Evoke: Wand              |       |       |    10 ||    10
    Use: Potion            |       |     2 |     4 ||     6
         Scroll            |       |       |     5 ||     5
   Stab: Sleeping          |       |     1 |       ||     1
 Armour: Skin              |     2 |     2 |     2 ||     6
  Dodge: Dodged            |    19 |    12 |    72 ||   103

Table legend: (Time is in decaauts)
 A = Elapsed time spent in this place.
 B = Non-inter-level travel time spent in this place.
 C = Inter-level travel time spent in this place.
 D = Time resting spent in this place.
 E = Time spent auto-exploring this place.
 F = Levels seen in this place.
 G = Mean time per level.
                   A        B        C        D        E       F      G
               +--------+--------+--------+--------+--------+-----+--------+
         Total |   9262 |   8972 |    290 |   2346 |   5602 |  10 |  926.2 |
       Dungeon |   7888 |   7607 |    281 |   1730 |   5031 |   8 |  986.0 |
        Temple |    114 |    105 |      9 |      0 |     96 |   1 |  114.0 |
        Bailey |   1259 |   1259 |      0 |    616 |    475 |   1 | 1259.0 |
               +--------+--------+--------+--------+--------+-----+--------+

Top non-repeatable levels by time:
     D:4: 1944 daAuts
     D:2: 1461 daAuts
  Bailey: 1259 daAuts
     D:5: 1203 daAuts
     D:3: 1006 daAuts
     D:7: 970 daAuts
     D:1: 752 daAuts
     D:8: 430 daAuts
     D:6: 121 daAuts
  Temple: 114 daAuts
